 Dungeon Crawl Stone Soup version 0.26.1-11-gd32895ea62 (webtiles) character file.

Game seed: 4840686636353308884

2093 Descartes the Covert (level 9, -2/35 HPs)
             Began as a Felid Transmuter on July 25, 2021.
             Was a Believer of Elyvilon.
             Killed from afar by an electric eel (10 damage)
             ... with a bolt of electricity
             ... on level 8 of the Dungeon.
             The game lasted 00:25:05 (14242 turns).

Descartes the Covert (Felid Transmuter)            Turns: 14242, Time: 00:25:05

Health: -2/35      AC:  2    Str:  9    XL:     9   Next: 7%
Magic:  8/13       EV: 23    Int: 15    God:    Elyvilon [**....]
Gold:   480        SH:  0    Dex: 16    Spells: 1/12 levels left
                                        Lives:  0   Deaths: 2

rFire    + . .     SeeInvis +     - Unarmed
rCold    . . .     Faith    .   (shield unavailable)
rNeg     . . .     Spirit   .   (armour unavailable)
rPois    .         Reflect  .   (helmet unavailable)
rElec    .         Harm     .   (cloak unavailable)
rCorr    .         Rampage  .   (gloves unavailable)
Will     +....                  (boots unavailable)
Stlth    +++++.....             (no amulet)
HPRegen  0.11/turn              q - ring of protection from fire
MPRegen  0.13/turn              (no ring)

@: very slightly contaminated, quick
A: very small, no armour, no weapons or thrown items, stealth, claws 1, fangs 3,
see invisible, speed 1, shaggy fur 2, sharp paws
a: Renounce Religion, Lesser Healing, Heal Other, Divine Protection


You were on level 8 of the Dungeon.
You worshipped Elyvilon.
Elyvilon was pleased with you.
You visited 2 branches of the dungeon, and saw 9 of its levels.

You collected 507 gold pieces.
You donated 27 gold pieces to Zin.

Inventory:

Missiles
 a - 285 stones
Jewellery
 q - a ring of protection from fire (left paw)
 t - an uncursed ring of poison resistance {unknown}
 z - an uncursed ring of protection from cold
Wands
 p - a wand of iceblast (10)
 w - a wand of disintegration (11)
Scrolls
 b - a scroll of immolation {unknown}
 d - a scroll of random uselessness {unknown}
 h - 4 scrolls of fear {unknown}
 i - 3 scrolls of teleportation {unknown}
 k - 3 scrolls of identify {unknown}
 l - a scroll of enchant armour {unknown}
 u - 4 scrolls of remove curse {unknown}
 v - a scroll of amnesia {unknown}
 y - a scroll of brand weapon {unknown}
Potions
 c - 3 potions of brilliance {unknown}
 e - 4 potions of heal wounds {unknown}
 f - 4 potions of attraction {unknown}
 g - 3 potions of lignification {unknown}
 j - 7 potions of curing {unknown}
 m - a potion of haste {unknown}
 n - a potion of invisibility {unknown}
 o - 2 potions of berserk rage {unknown}
 r - 2 potions of resistance
 s - a potion of might {unknown}
 x - a potion of magic {unknown}


   Skills:
 - Level 1.0 Fighting
 - Level 8.0 Dodging
 - Level 10.0 Stealth
 + Level 7.9 Unarmed Combat
 - Level 2.0 Spellcasting
 - Level 10.0 Transmutations


You had one spell level left.
You knew the following spells:

 Your Spells              Type           Power        Failure   Level
a - Beastly Appendage     Tmut           62%          1%          1
b - Blade Hands           Tmut           15%          10%         5
c - Confusing Touch       Hex            1%           54%         3
d - Wereblood             Tmut           31%          1%          2

Your spell library contained the following spells:

 Spells                   Type           Power        Failure   Level
 Foxfire                  Conj/Fire      4%           22%         1
 Spider Form              Tmut/Pois      8%           9%          3
 Ice Form                 Ice/Tmut       16%          28%         4
 Petrify                  Tmut/Erth      16%          28%         4
 Gell's Gravitas          Tloc           0%           54%         3
 Yara's Violent Unravell  Hex/Tmut       8%           61%         5
 Cause Fear               Hex            0%           91%         4
 Dragon Form              Tmut           15%          97%         7
 Metabolic Englaciation   Hex/Ice        0%           99%         5
 Dragon's Call            Summ           0%           100%        9


Dungeon Overview and Level Annotations

Branches:
Dungeon (8/15)             Temple (1/1) D:5
   Lair: D:8-11

Altars:
Ashenzari
Cheibriados
Dithmenos
Elyvilon
Fedhas
Gozag
Hepliaklqana
Kikubaaqudgha
Makhleb
Nemelex Xobeh
Okawaru
Qazlal
Ru
Sif Muna
Trog
Uskayaw
Vehumet
Wu Jian
Xom
Yredelemnul
Zin
The Shining One

Annotations:
D:4 2 transporters, kthxbai's ghost, amateur DrAK
D:5 3 runed translucent doors, Sensen's ghost, novice GnWr


Innate Abilities, Weirdness & Mutations

You cannot wear armour.
You are incapable of wielding weapons or throwing items.
Your paws allow you to move quietly. (Stealth)
You have sharp claws.
You have razor-sharp teeth.
You have supernaturally acute eyesight. (SInv)
You cover ground quickly.
You are covered in thick fur. (AC +2)
Your sharp claws are effective at attacking unaware monsters.


Message History

The bolt of electricity hits you!
Found 19 stones.
An iguana comes into view.
The orc priest calls down the wrath of Beogh upon you.
Pain shoots through your body!
Found 12 gold pieces.
The white imp gestures at you. The puff of frost misses you.
The electric eel shoots out a bolt of lightning at you!
The bolt of electricity misses the white imp.
The bolt of electricity hits you!
The ogre shouts!
The iguana hisses angrily.
The electric eel shoots out a bolt of lightning at you!
The bolt of electricity hits the white imp!
The white imp dies!
The bolt of electricity hits you!
* * * LOW HITPOINT WARNING * * *
The electric eel shoots out a bolt of lightning at you!
The bolt of electricity hits you!
You die...

≈..≈..≈..≈≈≈#
≈$.≈⌠.≈...≈≈#
.≈.l;..≈..≈≈#
.≈(.≈.O≈..≈≈#
..≈..≈≈..!≈#
..≈..Y.o..#
≈≈........######
..........#....#
.........@..#
##...######.#
..... #.# .###
#.###### #......#
######.# #<#.#
#.#.#######.
#..####.#.........


You could see an ice beast, an ogre, an iguana, an electric eel and an orc
priest.

Vanquished Creatures
  Grinder (D:5)
  A wyvern (D:7)
  A yak (D:7)
  Menkaure (D:5)
  2 water moccasins
  Duvessa (D:5)
  2 orc warriors (D:7)
  An eye of draining (D:7)
  2 ice beasts
  A necrophage (D:6)
  5 ogres
  2 phantoms
  3 centaurs
  2 bullfrogs (D:7)
  A big kobold (D:7)
  Blork the orc (D:4)
  2 gnoll sergeants (D:7)
  Dowan (D:5)
  2 scorpions
  8 wights
  A howler monkey (D:4)
  A centaur zombie (D:7)
  A bullfrog skeleton (D:5)
  3 hounds
  An orc wizard (D:4)
  2 orc priests
  3 gnoll shamans
  2 jellies
  3 centaur skeletons
  2 iguanas (D:5)
  6 worker ants
  Terence (D:2)
  12 gnolls
  7 adders
  2 white imps
  3 oozes
  4 worms
  2 dart slugs
  4 leopard geckos
  11 orcs
  6 giant cockroaches
  7 goblins
  6 hobgoblins
  11 jackals
  A quokka (D:7)
  A ball python (D:5)
  10 bats
  6 frilled lizards
  8 kobolds
  2 quokka zombies
  10 rats
179 creatures vanquished.

Vanquished Creatures (others)
  A white imp (D:8)
  8 fungi (D:3)
  2 plants (D:4)
  3 toadstools (D:3)
14 creatures vanquished.

Grand Total: 193 creatures vanquished

Notes
Turn   | Place    | Note
-------+----------+-------------------------------------------
     0 | D:1      | Descartes the Felid Transmuter began the quest for the Orb.
     0 | D:1      | Reached XP level 1. HP: 9/9 MP: 4/4
    34 | D:1      | Reached skill level 1 in Stealth
    82 | D:1      | Reached XP level 2. HP: 6/12 MP: 4/6
  1056 | D:1      | Reached XP level 3. HP: 15/15 MP: 5/7
  2184 | D:2      | Found a sacrificial altar of Ru.
  2255 | D:2      | Noticed Terence
  2265 | D:2      | Killed Terence
  2266 | D:2      | Reached XP level 4. HP: 15/19 MP: 6/8
  3945 | D:3      | Found a faded altar of an unknown god.
  4054 | D:3      | Reached XP level 5. HP: 22/22 MP: 7/9
  4369 | D:4      | Noticed Blork the orc
  4660 | D:4      | Reached skill level 5 in Stealth
  4762 | D:4      | Found a transporter.
  4763 | D:4      | Noticed kthxbai's ghost (amateur DrAK)
  4765 | D:4      | Noticed an ogre
  4767 | D:4      | Identified the +9 great mace "Naepp" {elec, Int+3 Dex+4}
  4767 | D:4      | Noticed an ogre
  4781 | D:4      | Found a transporter.
  4794 | D:4      | Found a blossoming altar of Fedhas.
  4807 | D:4      | Noticed a phantom
  4815 | D:4      | Found a radiant altar of Vehumet.
  5324 | D:3      | Learned a level 5 spell: Blade Hands
  5424 | D:4      | Killed Blork the orc
  5425 | D:4      | Reached skill level 5 in Transmutations
  5778 | D:4      | Killed a phantom
  5779 | D:4      | Gained mutation: You are covered in thick fur. (AC +2)
                  | [Felid growth]
  5779 | D:4      | Reached XP level 6. HP: 16/25 MP: 1/10
  6298 | D:4      | Reached XP level 7. HP: 28/28 MP: 5/11
  6586 | D:5      | Entered Level 5 of the Dungeon
  6788 | D:5      | Noticed Sensen's ghost (novice GnWr)
  6798 | D:5      | Found a runed translucent gate.
  6798 | D:5      | Found a runed translucent gate.
  6798 | D:5      | Found a runed translucent gate.
  6869 | D:5      | Noticed Dowan
  6880 | D:5      | Killed Dowan
  6934 | D:5      | Noticed Duvessa
  6942 | D:5      | Killed Duvessa
  7367 | D:5      | Found a staircase to the Ecumenical Temple.
  7373 | Temple   | Entered the Ecumenical Temple
  7587 | Temple   | Became a worshipper of Zin the Law-Giver
  7587 | Temple   | Reached * piety under Zin
  7618 | D:5      | Learned a level 3 spell: Confusing Touch
  7688 | D:4      | Fell from the grace of Zin
  7697 | D:5      | HP: 1/28 [ogre/+0 giant club (27)]
  8042 | Temple   | Became a worshipper of Elyvilon the Healer
  8127 | D:5      | Noticed Grinder
  8133 | D:5      | Killed Grinder
  8134 | D:5      | Reached XP level 8. HP: 32/32 MP: 6/12
  8248 | D:5      | Found a broken altar of Ashenzari.
  8248 | D:5      | Found a burning altar of Makhleb.
  8512 | D:5      | Noticed Menkaure
  8554 | D:5      | Killed Menkaure
  8653 | D:5      | Reached skill level 5 in Dodging
  9417 | D:6      | Reached * piety under Elyvilon
  9479 | D:6      | Found a blossoming altar of Fedhas.
  9497 | D:6      | Learned a level 2 spell: Wereblood
  9610 | D:6      | Reached XP level 9. HP: 2/35 MP: 7/13
 10862 | D:6      | Reached skill level 5 in Unarmed Combat
 11250 | D:6      | Reached skill level 10 in Stealth
 12212 | D:7      | Slain by a gnoll sergeant
 12213 | D:7      | Reached XP level 8. HP: 0/32 MP: 10/12
 12337 | D:7      | Splashed by a jelly's acid
 12338 | D:7      | Reached XP level 7. HP: -2/28 MP: 7/11
 12338 | D:7      | Reached ** piety under Elyvilon
 12403 | D:7      | Reached XP level 8. HP: 32/32 MP: 8/12
 12513 | D:7      | Reached skill level 10 in Transmutations
 13501 | D:7      | Found a basalt altar of Yredelemnul.
 13502 | D:7      | Found a shimmering altar of Xom.
 13511 | D:7      | Reached XP level 9. HP: 35/35 MP: 13/13
 14242 | D:8      | Killed from afar by an electric eel

Illustrated notes

Levels and vault maps discovered:
D:1:      lightli_arrival_maybe_door_vault, layout_basic,
          hangedman_decor_diamond_cutter, st_stairs_14, minmay_box_of_dots
D:2:      layout_basic, nicolae_ru_awakened_eye, uniq_terence
D:3:      layout_basic, chequers_ecumenical_altar_twisty,
          minmay_gold_behind_fungi
D:4:      layout_loops_ring, fedhas_ov_isle_minmay, old_standard_altar,
          gammafunk_ghost_smash, uniq_blork_the_orc
D:5:      layout_cave_pods, gammafunk_temple_overflow_elements,
          minmay_temple_entry_offerings, gammafunk_ghost_split,
          lightli_corner_chamber, uniq_grinder, uniq_menkaure, uniq_duvessa
D:6:      layout_basic, basic_altar
D:7:      minmay_the_grid_triangle_9x9_recursive_2
          [minmay_the_grid_triangle_9x9_prize_top_heavy,
          minmay_the_grid_triangle_9x9_flanged_cone,
          minmay_the_grid_triangle_9x9_longest,
          minmay_the_grid_triangle_9x9_skeleton], layout_cave_pools,
          chequers_temple_overflow_statue_of_worship, serial_gnoll_camp,
          gnoll_camp_medium_02, gnoll_camp_mini_hut, gnoll_camp_mini_hut
D:8:      cheibrodos_helix_gallery, layout_basic, minmay_misc_feat_alley
Temple:   regret_index_temple_generic_petals

Skill      XL: |  1  2  3  4  5  6  7  8  9 |
---------------+----------------------------+-----
Stealth        | 1 2 3 4 6 7 8 9 10 | 10.0
Transmutations | 3 4 5 6 8 10 | 10.0
Dodging        | 3 8 6 |  8.0
Unarmed Combat | 6 7 5 |  7.9
Fighting       | |  1.0
Spellcasting   | |  2.0

Action                   |  1- 3 |  4- 6 |  7- 9 || total
-------------------------+-------+-------+-------++-------
Melee: Unarmed           |   118 |   167 |   274 ||   559
       Headbutt          |    16 |    13 |    13 ||    42
       Bite              |     8 |    21 |    24 ||    53
       Punch             |     1 |     2 |     6 ||     9
 Cast: Beastly Appendage |    25 |    25 |    10 ||    60
       Blade Hands       |       |     6 |    35 ||    41
Invok: Renounce Religion |       |       |     1 ||     1
Evoke: Wand              |       |       |    13 ||    13
 Stab: Sleeping          |    10 |    12 |    17 ||    39
Armor: Skin              |     6 |    10 |    15 ||    31
Dodge: Dodged            |    85 |   114 |   237 ||   436
